 Dungeon Crawl Stone Soup version 0.25.1-8-g42b30a86e7 (webtiles) character file.

Game seed: 3138673932264563950

77 Destapler the Shield-Bearer (level 4, -2/44 HPs)
             Began as a Troll Fighter on Dec 13, 2020.
             Slain by an orc
             ... wielding a +0 flail
              (4 damage)
             ... on level 3 of the Dungeon.
             The game lasted 00:03:24 (1706 turns).

Destapler the Shield-Bearer (Troll Fighter)         Turns: 1706, Time: 00:03:24

Health: -2/44      AC:  6    Str: 25    XL:     4   Next: 13%
Magic:  3/3        EV:  8    Int:  4    God:
Gold:   75         SH:  9    Dex:  9    Spells: 3/3 levels left

rFire    . . .     SeeInvis .   a - +0 flail
rCold    . . .     Gourm    +   c - +0 kite shield
rNeg     . . .     Faith    .   b - +0 robe
rPois    .         Spirit   .   (helmet restricted)
rElec    .         Reflect  .   (no cloak)
rCorr    .         Harm     .   (gloves unavailable)
MR       .....                  (boots unavailable)
Stlth    +.........             r - amulet of regeneration
HPRegen  0.94/turn              (no ring)
MPRegen  0.08/turn              (no ring)

@: no status effects
A: large, unfitting armour, claws 3, fast metabolism 3, gourmand, regeneration
1, shaggy fur 1, tough skin 3
a: no special abilities


You were on level 3 of the Dungeon.
You were completely stuffed.

You visited 1 branch of the dungeon, and saw 3 of its levels.

You collected 75 gold pieces.

Inventory:

Hand Weapons
 a - a +0 flail (weapon)
Missiles
 e - 28 poisoned darts (quivered)
Armour
 b - a +0 robe (worn)
 c - a +0 kite shield (worn)
Jewellery
 r - an amulet of regeneration (around neck)
Scrolls
 i - 6 scrolls of identify {unknown}
 k - a scroll of teleportation {unknown}
 l - 2 scrolls of remove curse {unknown}
 n - a scroll of amnesia {unknown}
 p - a scroll of noise {unknown}
 q - a scroll of enchant weapon {unknown}
 s - 3 scrolls of fog {unknown}
 t - a scroll of enchant armour {unknown}
 v - a scroll of blinking {unknown}
Potions
 d - a potion of might
 g - a potion of lignification {unknown}
 h - 2 potions of stabbing {unknown}
 j - 2 potions of curing
 o - a potion of mutation {unknown}
 u - a potion of heal wounds {unknown}
Comestibles
 f - 3 rations
 m - 3 chunks of flesh


   Skills:
 + Level 2.9 Fighting
 + Level 2.5 Maces & Flails
 + Level 1.3 Armour
 - Level 2.4 Dodging
 + Level 2.9 Shields


You had 3 spell levels left.
You didn't know any spells.
Your spell library was empty.

Dungeon Overview and Level Annotations

Branches:
Dungeon (3/15)

Altars:


Innate Abilities, Weirdness & Mutations

You are too large for most types of armour.
You have claws for hands.
Your metabolism is lightning-fast.
You like to eat raw meat.
Your natural rate of healing is unusually fast.
You are covered in fur. (AC +1)
You have extremely tough skin. (AC +3)


Message History

* * * LOW HITPOINT WARNING * * *
The orc priest hits you but does no damage.
The orc barely misses you.
The orc priest casts a cantrip, but nothing happens.
Your shield prevents you from hitting the orc priest.
The orc priest is lightly wounded.
The orc barely misses you. The orc hits you with a +0 club.
* * * LOW HITPOINT WARNING * * *
The orc priest hits you with a +0 short sword!
* * * LOW HITPOINT WARNING * * *
You block the orc priest's attack. The orc hits you but does no damage. x2
You block the orc priest's attack. The orc hits you with a +0 club.
* * * LOW HITPOINT WARNING * * *
You hit the orc priest.
The orc priest is moderately wounded.
You block the orc priest's attack. The orc hits you.
* * * LOW HITPOINT WARNING * * *
The orc priest barely misses you. You block the orc's attack.
The orc hits you with a +0 flail.
You die...

#### ###### ....
......####+# .....
...........########.....
..........#.............
......oo.........<....<.
.....go@..#...(........#
......oo..#.............
..........#............#
.............##.........
#######......##.#######.
#.#....##.# #.##.####.#
#.##.# #.# .. #.# ..#


You could see 2 orc priests, 3 orcs and a hobgoblin.

Vanquished Creatures
  An adder (D:2)
  3 dart slugs
  4 leopard geckos
  2 ball pythons (D:1)
  5 bats
  4 giant cockroaches
  7 goblins
  9 hobgoblins
  7 kobolds
  A quokka (D:2)
  4 frilled lizards
  4 rats
51 creatures vanquished.

Notes
Turn   | Place    | Note
-------+----------+-------------------------------------------
     0 | D:1      | Destapler the Troll Fighter began the quest for the Orb.
     0 | D:1      | Reached XP level 1. HP: 22/22 MP: 0/0
    64 | D:1      | Reached XP level 2. HP: 16/29 MP: 1/1
   400 | D:1      | Reached XP level 3. HP: 36/36 MP: 2/2
   448 | D:1      | Reached skill level 1 in Armour
  1364 | D:2      | Reached XP level 4. HP: 44/44 MP: 3/3
  1706 | D:3      | HP: 2/44 [orc (3)]
  1706 | D:3      | Slain by an orc

Illustrated notes

Levels and vault maps discovered:
D:1:      ncdulo_lavacross, layout_basic
D:2:      layout_loops_ring
D:3:      layout_basic, lemuel_zombie_altar_kikubaaqudgha,
          kennysheep_generic_room_10

Skill      XL: |  1  2  3 |
---------------+----------+-----
Maces & Flails | 2 |  2.5
Armour         | 1 |  1.3
Fighting       | |  2.9
Dodging        | |  2.4
Shields        | |  2.9

Action                   |  1- 3 |  4- 6 || total
-------------------------+-------+-------++-------
Melee: Flail             |   164 |    23 ||   187
  Use: Potion            |       |     1 ||     1
  Eat: Chunk             |    19 |     3 ||    22
Armor: Robe              |    85 |    14 ||    99
Dodge: Dodged            |    82 |     8 ||    90
Block: Kite shield       |    79 |    14 ||    93
